 Dungeon Crawl Stone Soup version 0.20.1-1-g8b1a95d (webtiles) character file.

1633 Linguinho the Chopper (level 8, -9/62 HPs)
             Began as a Demonspawn Fighter on Nov 12, 2017.
             Mangled by an orc warrior
             ... wielding a +0 war axe
              (18 damage)
             ... on level 6 of the Dungeon.
             The game lasted 00:09:11 (4854 turns).

Linguinho the Chopper (Demonspawn Fighter)          Turns: 4854, Time: 00:09:12

Health: -9/62      AC:  9    Str: 18    XL:     8   Next: 66%
Magic:  8/8        EV: 13    Int: 10    God:
Gold:   288        SH: 10    Dex: 13    Spells: 7/7 levels left

rFire    . . .     SeeInvis .   v - +0 hand axe (vamp)
rCold    + . .     Gourm    .   c - +0 shield
rNeg     . . .     Faith    .   b - +0 scale mail
rPois    .         Spirit   .   (helmet restricted)
rElec    .         Reflect  .   (no cloak)
rCorr    .         Harm     .   u - +1 pair of gloves
MR       .....                  (no boots)
Stlth    ..........             (no amulet)
Regen    0.2/turn               o - ring of protection from cold
MPRegen  0.2/turn               (no ring)

@: repel missiles
A: horns 2, repulsion field 3, powered by death 1
a: no special abilities


You were on level 6 of the Dungeon.
You were very hungry.

You visited 1 branch of the dungeon, and saw 6 of its levels.
You also visited: Ossuary.

You collected 288 gold pieces.

Inventory:

Hand Weapons
 a - a +0 war axe
 v - a +0 vampiric hand axe (weapon)
Armour
 b - a +0 scale mail (worn)
 c - a +0 shield (worn)
 u - a +1 pair of gloves (worn)
Jewellery
 o - a ring of protection from cold (left hand)
 G - an uncursed ring of positive energy {unknown}
Wands
 H - a wand of flame (19/48)
Scrolls
 e - 4 scrolls of remove curse {unknown}
 g - 4 scrolls of identify
 h - 5 scrolls of teleportation {unknown}
 j - 2 scrolls of recharging {unknown}
 k - 2 scrolls of fog {unknown}
 l - 4 scrolls of amnesia {unknown}
 t - a scroll of enchant weapon {unknown}
 y - a scroll of enchant armour {unknown}
 E - a scroll of fear {unknown}
Potions
 d - 3 potions of might
 i - 6 potions of heal wounds {unknown}
 n - 2 potions of lignification {unknown}
 p - 6 potions of flight {unknown}
 q - a potion of degeneration {unknown}
 r - 10 potions of curing
 s - a potion of berserk rage {unknown}
 w - a potion of haste {unknown}
 x - 4 potions of agility {unknown}
 z - 2 potions of magic {unknown}
 A - 2 potions of mutation {unknown}
 B - a potion of ambrosia {unknown}
 C - a potion of cancellation {unknown}
 F - a potion of resistance {unknown}
Comestibles
 f - 5 bread rations
 m - 2 meat rations
 D - a royal jelly


   Skills:
 + Level 5.2 Fighting
 + Level 6.6 Axes
 + Level 4.5 Armour
 + Level 2.7 Dodging
 + Level 1.1 Stealth
 + Level 5.1 Shields


You had 7 spell levels left.
You didn't know any spells.

Dungeon Overview and Level Annotations

Branches:
Dungeon (6/15)
 Temple: D:4-7

Altars:
Fedhas
Hepliaklqana
Okawaru
Qazlal

Shops:
D:4 !


Innate Abilities, Weirdness & Mutations

You have a pair of horns on your head.
You are surrounded by a strong repulsion field. (EV +4, RMsl)
You regenerate a little health from kills.


Message History

You hit the orc warrior.
You feel better. The orc hits you but does no damage.
You hit the orc.
You feel better.
You kill the orc!
You hit the orc warrior but do no damage.
You block the orc warrior's attack. The orc hits you.
You hit the orc but do no damage.
You hit the orc warrior but do no damage.
You block the orc warrior's attack. The orc barely misses you.
You hit the orc but do no damage. You barely miss the orc warrior.
The orc warrior hits you with a war axe!
* * * LOW HITPOINT WARNING * * *
The orc hits you but does no damage.
You closely miss the orc. You barely miss the orc warrior.
The orc warrior hits you with a war axe!
* * * LOW HITPOINT WARNING * * *
You block the orc's attack.
You hit the orc but do no damage. You hit the orc warrior.
You feel better. You block the orc's attack.
The orc warrior hits you with a war axe!!
You die...

#..####..####.#
#.## ##...##.#
(.# ###.##.#
##.. .##
#.##.#####.....
## #.##.##....#
# #..#.##.###..#
# ##......#
#.....## ###
#..###o@# ...#.
.....#
##o##......
..##.#
#c(....c.. #..
#.# #(........
#.
........#.......
.
...J....##......
..o.o...# #.$.#.
......... .###
......... #


You could see an orc warrior, a centaur and an orc.

Vanquished Creatures
  Eustachio (D:5)
  An ice beast (D:5)
  2 phantoms
  7 scorpions
  A water moccasin skeleton (D:5)
  A crimson imp (D:5)
  3 centaur zombies (Ossuary)
  A bullfrog zombie (D:5)
  A human zombie (Ossuary)
  An orc wizard (D:3)
  A bullfrog skeleton (D:5)
  2 orc priests
  A jelly (D:6)
  3 worker ants
  3 big kobold zombies (Ossuary)
  A hound skeleton (D:5)
  3 mummies (Ossuary)
  11 gnolls
  5 adders
  4 scorpion zombies (Ossuary)
  An adder zombie (D:5)
  An adder skeleton (D:3)
  5 worms
  A dart slug (D:3)
  4 leopard geckos
  11 orcs
  5 giant cockroaches
  5 goblins
  5 hobgoblins
  14 jackals
  5 quokkas
  7 bats
  4 frilled lizards
  3 gnoll zombies (Ossuary)
  A goblin zombie (Ossuary)
  3 hobgoblin zombies (Ossuary)
  8 kobolds
  A kobold zombie (Ossuary)
  A leopard gecko skeleton (D:5)
  2 orc zombies (Ossuary)
  2 quokka skeletons
  9 rats
  A butterfly (D:1)
152 creatures vanquished.

Vanquished Creatures (others)
  2 scorpions (Ossuary)
2 creatures vanquished.

Grand Total: 154 creatures vanquished

Notes
Turn   | Place    | Note
-------+----------+-------------------------------------------
     0 | D:1      | Linguinho the Demonspawn Fighter began the quest for the Orb.
     0 | D:1      | Reached XP level 1. HP: 18/18 MP: 1/1
    96 | D:1      | Gained mutation: You have a pair of small horns on your head. [demonic ancestry]
    96 | D:1      | Reached XP level 2. HP: 20/24 MP: 2/2
   277 | D:1      | Reached skill level 2 in Axes
   564 | D:2      | Found a stormy altar of Qazlal.
   623 | D:2      | Gained mutation: You are surrounded by a mild repulsion field. (EV +2) [demonic ancestry]
   623 | D:2      | Reached XP level 3. HP: 23/29 MP: 3/3
   723 | D:2      | Found a hazy altar of Hepliaklqana.
   778 | D:2      | Gained mutation: You have a pair of horns on your head. [demonic ancestry]
   778 | D:2      | Reached XP level 4. HP: 29/35 MP: 4/4
  1081 | D:2      | Reached skill level 3 in Axes
  1422 | D:3      | Reached XP level 5. HP: 37/41 MP: 5/5
  1499 | D:3      | Reached skill level 1 in Dodging
  1910 | D:3      | Found a faded altar of an unknown god.
  2342 | D:4      | Reached skill level 4 in Axes
  2342 | D:4      | Gained mutation: You regenerate a little health from kills. [demonic ancestry]
  2342 | D:4      | Reached XP level 6. HP: 34/47 MP: 6/6
  2366 | D:4      | Found a sand-covered staircase.
  2371 | Ossuary  | Entered an ossuary
  2618 | Ossuary  | Gained mutation: You are surrounded by a moderate repulsion field. (EV +3) [demonic ancestry]
  2618 | Ossuary  | Reached XP level 7. HP: 21/54 MP: 7/7
  2822 | Ossuary  | Reached skill level 5 in Axes
  3266 | D:4      | Found Celuz's Distillery.
  3424 | D:4      | Gained mutation: You are surrounded by a strong repulsion field. (EV +4, RMsl) [demonic ancestry]
  3424 | D:4      | Reached XP level 8. HP: 49/61 MP: 8/8
  3479 | D:4      | Found a blossoming altar of Fedhas.
  3679 | D:5      | Entered Level 5 of the Dungeon
  3807 | D:5      | Reached skill level 6 in Axes
  3832 | D:5      | Found an iron altar of Okawaru.
  3975 | D:5      | Reached skill level 1 in Stealth
  4039 | D:5      | Noticed Eustachio
  4074 | D:5      | Killed Eustachio
  4074 | D:5      | Reached skill level 5 in Fighting
  4074 | D:5      | Reached skill level 5 in Shields
  4854 | D:6      | Mangled by an orc warrior

Skill      XL: |  1  2  3  4  5  6  7  8 |
---------------+-------------------------+-----
Armour         | 3 4 |  4.5
Axes           | 2 3 4 5 6 |  6.6
Shields        | 3 4 5 |  5.1
Dodging        | 1 2 |  2.7
Fighting       | 4 5 |  5.2
Stealth        | 1 |  1.1

Action                   |  1- 3 |  4- 6 |  7- 9 || total
-------------------------+-------+-------+-------++-------
Melee: War axe           |   112 |    41 |       ||   153
       Headbutt          |    16 |    48 |    79 ||   143
       Hand axe          |       |   211 |   322 ||   533
  Use: Scroll            |       |     2 |       ||     2
       Potion            |       |     1 |       ||     1
  Eat: Chunk             |       |     5 |     6 ||    11
       Bread ration      |       |     1 |       ||     1
       Royal jelly       |       |       |     1 ||     1
Armor: Scale mail        |    37 |   112 |    71 ||   220
Dodge: Dodged            |    34 |    91 |   110 ||   235
       Deflected         |       |       |     2 ||     2
Block: Shield            |    42 |   134 |   155 ||   331
